 Dungeon Crawl Stone Soup version 0.27.1-33-g824d729ab1 (webtiles) character file.

Game seed: 5173956311670596503

904 comborobin the Covert (level 8, -2/67 HPs)
             Began as a Gnoll Delver on Dec 27, 2021.
             Slain by Edmund (9 damage)
             ... on level 5 of the Dungeon.
             The game lasted 00:05:52 (5930 turns).

comborobin the Covert (Gnoll Delver)                Turns: 5930, Time: 00:05:53

Health: -2/67      AC:  9    Str: 12    XL:     8   Next: 8%
Magic:  12/12      EV: 12    Int: 10    God:
Gold:   122        SH:  0    Dex: 15    Spells: 12/12 levels left

rFire    . . .     SeeInvis .   i - +4 falchion
rCold    + . .     Faith    .   (no shield)
rNeg     . . .     Spirit   .   y - +0 ring mail {rC+}
rPois    +         Reflect  .   v - +0 helmet
rElec    .         Harm     .   r - +0 cloak
rCorr    .         Rampage  .   (no gloves)
Will     .....                  t - +0 pair of boots
Stlth    ++++......             q - amulet of magic regeneration
HPRegen  0.21/turn              h - ring of poison resistance
MPRegen  0.38/turn              (no ring)

@: very slightly contaminated, studying Polearms
A: fangs 1, strong nose, distributed training
a: no special abilities


You were on level 5 of the Dungeon.
You visited 1 branch of the dungeon, and saw 6 of its levels.

You collected 239 gold pieces.
You spent 117 gold pieces at shops.

Inventory:

Hand Weapons
 a - a +0 short sword
 i - a +4 falchion (weapon)
Missiles
 w - 4 javelins (quivered)
 z - 8 poisoned darts
Armour
 b - a +0 leather armour
 j - a +0 robe
 n - a +0 scale mail of cold resistance
 r - a +0 cloak (worn)
 t - a +0 pair of boots (worn)
 v - a +0 helmet (worn)
 y - a +0 ring mail of cold resistance (worn)
Magical Staves
 f - a staff of air
Jewellery
 h - a ring of poison resistance (left hand)
 q - an amulet of magic regeneration (around neck)
Wands
 g - a wand of digging (3)
Scrolls
 c - 2 scrolls of fog
 d - a scroll of magic mapping
 e - a scroll of fear
 s - 6 scrolls of identify
 x - a scroll of vulnerability
 B - a scroll of teleportation
Potions
 o - a potion of lignification
 u - a potion of might


   Skills:
 + Level 7.2 Fighting
 + Level 5.5 Short Blades
 + Level 2.9 Long Blades
 + Level 2.9 Axes
 + Level 2.9 Maces & Flails
 + Level 3.4 Polearms
 + Level 2.9 Staves
 + Level 2.9 Slings
 + Level 2.9 Bows
 + Level 2.9 Crossbows
 + Level 2.9 Throwing
 + Level 2.9 Armour
 + Level 5.5 Dodging
 + Level 10.0 Stealth
 + Level 2.9 Shields
 + Level 2.9 Unarmed Combat
 + Level 2.9 Spellcasting
 + Level 2.3 Conjurations
 + Level 2.3 Hexes
 + Level 2.3 Summonings
 + Level 2.3 Necromancy
 + Level 2.3 Translocations
 + Level 2.3 Transmutations
 + Level 2.3 Fire Magic
 + Level 2.3 Ice Magic
 + Level 2.3 Air Magic
 + Level 2.3 Earth Magic
 + Level 2.3 Poison Magic
 + Level 3.2 Invocations
 + Level 2.9 Evocations


You had 12 spell levels left.
You didn't know any spells.
Your spell library contained the following spells:

 Spells                   Type           Power      Damage    Failure   Level
 Static Discharge         Conj/Air       6%         N/A       34%         2
 Lightning Bolt           Conj/Air       3%         1d14      100%        5
 Maxwell's Capacitive Co  Air            3%         ∞         100%        8


Dungeon Overview and Level Annotations

Branches:
Dungeon (6/15)
 Temple: D:4-7

Altars:

Shops:
D:2 [   D:4 (   D:5 =

Annotations:
D:5 Edmund


Innate Abilities, Weirdness & Mutations

You have very sharp teeth.
Your uncanny sense of smell can sniff out nearby items.
Your experience applies equally to all skills.


Message History

You hit Edmund but do no damage.
Edmund is moderately wounded.
Edmund hits you with a +3 flail of protection.
You hit Edmund.
Edmund is heavily wounded.
Edmund hits you with a +3 flail of protection.
You closely miss Edmund.
Edmund is heavily wounded.
Edmund hits you with a +3 flail of protection.
You hit Edmund but do no damage.
Edmund is heavily wounded.
Edmund hits you with a +3 flail of protection.
You hit Edmund but do no damage.
Edmund is heavily wounded.
Edmund hits you but does no damage.
You hit Edmund but do no damage.
Edmund is heavily wounded.
Edmund says, "I'm quite good with sums, too."
Edmund hits you with a +3 flail of protection.
Edmund hits you with a +3 flail of protection!
* * * LOW HITPOINT WARNING * * *
You hit Edmund.
Edmund is heavily wounded.
Edmund hits you but does no damage.
Okay, then.
Really quaff the potion of lignification?
Okay, then.
You fade into invisibility!
Edmund hits you with a +3 flail of protection.
* * * LOW HITPOINT WARNING * * *
You are very lightly contaminated with residual magic.
Edmund is nearby!
You hit Edmund but do no damage. You bite Edmund, but do no damage.
Edmund is heavily wounded.
Edmund hits you with a +3 flail of protection!
* * * LOW HITPOINT WARNING * * *
You flicker for a moment.
You flicker back into view.
Edmund hits you with a +3 flail of protection!
You die...

#.# ##> #..... #.# ...#.#
#.#### ##.#########.##.# # ##.
..........##.##.# #.#
##.######.##.##.# ##. #.#
#>##.##.# #.####
#.######.##.##.# #.....
#......).......####### ##.###
##.#####.......@.....## # #.#
##........@.....##### # #.#
#.....##.#...<....... #
#.####.....##.#.###..##########
#...............# ..# #......
#.####........### ..# #.#####
#.# #.##.###.# ..# # #.# #.##.#
#.# ..# # #.####.##.###.# ..# #


You could see Edmund.

Vanquished Creatures
  A black bear (D:6)
  2 ogres (D:4)
  A phantom (D:5)
  A scorpion (D:4)
  A wight (D:4)
  A bullfrog zombie (D:5)
  2 hounds
  A jelly (D:5)
  An orc priest (D:4)
  A bullfrog skeleton (D:5)
  An iguana (D:5)
  2 orc wizards (D:5)
  A scorpion zombie (D:4)
  5 adders
  3 worms (D:2)
  A dart slug (D:2)
  22 orcs
  4 ball pythons
  10 endoplasms
  A giant cockroach (D:3)
  8 goblins
  8 hobgoblins
  12 jackals
  4 quokkas
  2 bats (D:3)
  4 frilled lizards
  6 kobolds
  4 rats (D:1)
110 creatures vanquished.

Notes
Turn   | Place    | Note
-------+----------+-------------------------------------------
     0 | D:5      | Reached skill level 9 in Stealth
     0 | D:5      | comborobin the Gnoll Delver began the quest for the Orb.
     0 | D:5      | Reached XP level 1. HP: 23/23 MP: 1/1
     5 | D:6      | Noticed a black bear
    11 | D:6      | Killed a black bear
    12 | D:6      | Reached skill level 1 in Long Blades
    12 | D:6      | Reached skill level 1 in Axes
    12 | D:6      | Reached skill level 1 in Maces & Flails
    12 | D:6      | Reached skill level 1 in Polearms
    12 | D:6      | Reached skill level 1 in Staves
    12 | D:6      | Reached skill level 1 in Slings
    12 | D:6      | Reached skill level 1 in Bows
    12 | D:6      | Reached skill level 1 in Crossbows
    12 | D:6      | Reached skill level 1 in Throwing
    12 | D:6      | Reached skill level 1 in Armour
    12 | D:6      | Reached skill level 1 in Shields
    12 | D:6      | Reached skill level 1 in Unarmed Combat
    12 | D:6      | Reached skill level 1 in Spellcasting
    12 | D:6      | Reached skill level 1 in Conjurations
    12 | D:6      | Reached skill level 1 in Hexes
    12 | D:6      | Reached skill level 1 in Summonings
    12 | D:6      | Reached skill level 1 in Necromancy
    12 | D:6      | Reached skill level 1 in Translocations
    12 | D:6      | Reached skill level 1 in Transmutations
    12 | D:6      | Reached skill level 1 in Fire Magic
    12 | D:6      | Reached skill level 1 in Ice Magic
    12 | D:6      | Reached skill level 1 in Air Magic
    12 | D:6      | Reached skill level 1 in Earth Magic
    12 | D:6      | Reached skill level 1 in Poison Magic
    12 | D:6      | Reached skill level 1 in Invocations
    12 | D:6      | Reached skill level 1 in Evocations
    12 | D:6      | Reached XP level 2. HP: 7/29 MP: 1/3
    12 | D:6      | Reached XP level 3. HP: 8/35 MP: 1/4
    12 | D:6      | Reached XP level 4. HP: 10/41 MP: 1/5
   284 | D:5      | Reached XP level 5. HP: 26/47 MP: 5/7
   577 | D:4      | Noticed an ogre
   578 | D:4      | Noticed an ogre
   596 | D:4      | Killed an ogre
   598 | D:4      | Reached XP level 6. HP: 11/53 MP: 8/8
   616 | D:4      | Reached skill level 5 in Short Blades
   616 | D:4      | Reached skill level 5 in Dodging
  2920 | D:2      | Found Asiotos's Antique Armour Boutique.
  2929 | D:2      | Bought a helmet for 117 gold pieces
  3299 | D:1      | Reached XP level 7. HP: 59/59 MP: 10/10
  3775 | D:1      | Found a faded altar of an unknown god.
  4624 | D:4      | Found Yschull's Antique Weapon Shoppe.
  5610 | D:5      | Reached skill level 10 in Stealth
  5693 | D:5      | Reached XP level 8. HP: 57/67 MP: 12/12
  5887 | D:5      | Noticed Edmund
  5888 | D:5      | Found Pedeic's Jewellery Shoppe.
  5909 | D:5      | HP: 3/67 [Edmund (10)]
  5930 | D:5      | Slain by Edmund

Illustrated notes

Levels and vault maps discovered:
D:1:      erik_arrival_triangle_small, layout_loops_ring,
          basic_ecumenical_altar, serial_bayou_crossing
D:2:      layout_basic, serial_shops, shop
D:3:      layout_basic
D:4:      layout_loops_corners, mainiacjoe_overflow_alcove_1,
          minmay_temple_entry_enclosed_plants, serial_shops, shop,
          minmay_manual_mandibuliform
D:5:      layout_loops_ring, mainiacjoe_overflow_alcove_2, serial_shops, shop,
          uniq_edmund
D:6:      minmay_chambers_of_threes, layout_basic, uniq_maggie, uniq_pikel,
          uniq_blork_the_orc

Skill      XL: |  1  2  3  4  5  6  7 |
---------------+----------------------+-----
Stealth        | 10 | 10.0
Long Blades    | 1 2 |  2.9
Axes           | 1 2 |  2.9
Maces & Flails | 1 2 |  2.9
Polearms       | 1 2 3 |  3.4
Staves         | 1 2 |  2.9
Slings         | 1 2 |  2.9
Bows           | 1 2 |  2.9
Crossbows      | 1 2 |  2.9
Throwing       | 1 2 |  2.9
Armour         | 1 2 |  2.9
Shields        | 1 2 |  2.9
Unarmed Combat | 1 2 |  2.9
Spellcasting   | 1 2 |  2.9
Conjurations   | 1 2 |  2.3
Hexes          | 1 2 |  2.3
Summonings     | 1 2 |  2.3
Necromancy     | 1 2 |  2.3
Translocations | 1 2 |  2.3
Transmutations | 1 2 |  2.3
Fire Magic     | 1 2 |  2.3
Ice Magic      | 1 2 |  2.3
Air Magic      | 1 2 |  2.3
Earth Magic    | 1 2 |  2.3
Poison Magic   | 1 2 |  2.3
Invocations    | 1 2 3 |  3.2
Evocations     | 1 2 |  2.9
Short Blades   | 5 |  5.5
Dodging        | 5 |  5.5
Fighting       | 7 |  7.2

Action                   |  1- 3 |  4- 6 |  7- 9 || total
-------------------------+-------+-------+-------++-------
Melee: Short sword       |     5 |    25 |       ||    30
       Bite              |       |    14 |    29 ||    43
       Falchion          |       |   105 |   192 ||   297
Evoke: Wand              |       |     6 |       ||     6
  Use: Potion            |       |     1 |     8 ||     9
       Scroll            |       |     2 |     2 ||     4
 Stab: Sleeping          |     1 |    13 |    12 ||    26
       Distracted        |       |     1 |     1 ||     2
Armor: Leather armour    |     1 |     3 |       ||     4
       Scale mail        |       |    30 |     6 ||    36
       Ring mail         |       |       |    58 ||    58
Dodge: Dodged            |     3 |    64 |   117 ||   184
       Rpst.: Falchion   |       |    19 |    30 ||    49
